AoeStats
← Match Point

Arabia

510127037Analyzed
1v1 RM · 4d ago on Sep 29, 2026· 47m 36s· 2 players
Game mode
Random Map
Map size
Tiny (2 player)
Population
200
Speed
Normal
Resources
Standard
Victory
Conquest
Starting age
Dark Age
Ending age
Imperial Age
RankedLock teamsTeams togetherTeam positionsShared explorationLock speedFull tech treeHidden civsTurbo modeCheats
Victory
Defeat
🇷🇺 Franks · Russia
1325
+15
🇨🇴 Mongols · Colombia
1310
-15
Match Point
8:50 Feudal Age
10:17 Double-Bit Axe
11:27 Loom
20:52 Castle Age
19:05 Gold Mining
24:04 Scale Barding Armor
24:09 Forging
29:40 Forging
30:33 Town Watch
35:24 Imperial Age
33:42 Wheelbarrow
34:47 Husbandry
34:57 Bloodlines
37:08 Chain Barding Armor
37:24 Iron Casting
Ferlok
6:52 Loom
9:24 Feudal Age
10:06 Double-Bit Axe
16:34 Wheelbarrow
16:21 Gold Mining
21:16 Castle Age
20:25 Fletching
22:13 Bow Saw
22:11 Bodkin Arrow
23:34 Padded Archer Armor
26:49 Hand Cart
27:18 Ballistics
27:55 Town Watch
29:03 Gold Shaft Mining
28:47 Stone Mining
30:28 Leather Archer Armor
32:31 Husbandry
36:37 Imperial Age
35:54 Scale Barding Armor
36:00 Forging
36:00 Murder Holes
36:15 Masonry
36:19 Ordonnance Companies
37:46 Conscription
36:55 Heavy Mounted Crossbowman
39:20 Chemistry
38:56 Cranequins
47:05 Siege Engineers
Connection lost

Rejoining the realm…

Still unreachable

The connection could not be restored.

Session expired

The server has moved on; the page needs a fresh start.